 Dungeon Crawl Stone Soup version 0.18.1-8-gdd0e5ea (webtiles) character file.

78 urechis the Insei (level 4, -4/23 HPs)
             Began as a Vine Stalker Monk on May 29, 2016.
             Slain by a worker ant (6 damage)
             ... on level 3 of the Dungeon.
             The game lasted 00:01:45 (1460 turns).

urechis the Insei (Vine Stalker Monk)               Turns: 1460, Time: 00:01:46

Health: -4/23      AC:  2    Str: 13    XL:     4   Next: 36%
Magic:  0/5        EV: 13    Int: 10    God:
Gold:   108        SH:  0    Dex: 18    Spells: 0 memorised, 3 levels left

rFire  . . .     SeeInvis .       - Unarmed
rCold  . . .     Gourm    .     a - +0 robe
rNeg   . . .     Faith    .     (no shield)
rPois  .         Spirit   +     (no helmet)
rElec  .         Dismiss  .     (no cloak)
rCorr  .         Reflect  .     (no gloves)
SustAt .         Harm     .     (no boots)
MR     .....                    (no amulet)
Stlth  ++........               (no ring)
                                (no ring)

@: lethally poisoned (-4 -> -6), not resistant to hostile enchantments,
unstealthy
A: fangs 2, regeneration 1, magic shield, antimagic bite, no device heal 3, rot
immunity
a: no special abilities


You were on level 3 of the Dungeon.
You were near starving.

You visited 1 branch of the dungeon, and saw 3 of its levels.

You collected 108 gold pieces.

Inventory:

Armour
 a - a +0 robe (worn)
Jewellery
 o - an uncursed ring of fire {unknown}
 t - an uncursed ring of fire {unknown}
Scrolls
 d - 2 scrolls of recharging {unknown}
 f - 4 scrolls of identify {unknown}
 j - a scroll of noise {unknown}
 k - 2 scrolls of magic mapping {unknown}
 l - 3 scrolls of remove curse {unknown}
 p - a scroll of amnesia {unknown}
 r - 2 scrolls of enchant armour {unknown}
 s - a scroll of fog {unknown}
Potions
 c - a potion of magic {unknown}
 e - 2 potions of curing {unknown}
 g - a potion of resistance {unknown}
 h - a potion of ambrosia {unknown}
 i - 2 potions of flight {unknown}
 m - a potion of degeneration {unknown}
 u - a potion of brilliance {unknown}
Comestibles
 b - 2 bread rations
 n - a slice of pizza
 q - a royal jelly


   Skills:
 - Level 2.6 Fighting
 - Level 2.4 Dodging
 - Level 2.4 Stealth
 + Level 5.7 Unarmed Combat


You had 3 spell levels left.
You didn't know any spells.

Dungeon Overview and Level Annotations

Branches:
Dungeon (3/15)

Altars:
Nemelex Xobeh


Innate Abilities, Weirdness & Mutations

You have extremely sharp teeth.
Your natural rate of healing is unusually fast.
When hurt, damage is shared between your health and your magic reserves.
Your bite disrupts and absorbs the magic of your enemies.
Potions and wands cannot restore your health.
You are immune to rotting.


Message History

The hobgoblin hits you with a club.
* * * LOW HITPOINT WARNING * * *
The hobgoblin closely misses you.
Things that are here:
a short sword; an orc corpse; a jackal corpse You hit the hobgoblin.
You bite the hobgoblin. You drain its power.
You feel invigorated.
The hobgoblin is severely wounded.
The hobgoblin misses you. The hobgoblin barely misses you.
The worker ant bites you!
* * * LOW HITPOINT WARNING * * *
You are poisoned.
The worker ant poisons you!
You barely miss the worker ant.
You bite the worker ant, but do no damage.
You feel sick. The worker ant misses you. The hobgoblin hits you.
* * * LOW HITPOINT WARNING * * *
The hobgoblin barely misses you.
You closely miss the worker ant. The worker ant bites you!
You die...

............†........#
#..........(.<.......
#.......#..†..##....#
#......#.##.....##.#
#.......##.....#
####..........#..##
.......g.......$...
####.##gg#####......
.. #@## .#.### ## #a#
#g# ... ...## ...##
##.. #.. ..r


You could see a worker ant, 2 hobgoblins and 2 goblins.

Vanquished Creatures
  Terence (D:2)
  2 dart slugs (D:2)
  An orc (D:3)
  2 bats
  2 giant cockroaches (D:1)
  4 hobgoblins
  7 jackals
  4 kobolds
  A quokka (D:2)
  4 giant newts
  9 goblins
  7 rats
44 creatures vanquished.

Notes
Turn   | Place    | Note
--------------------------------------------------------------
     0 | D:1      | urechis the Vine Stalker Monk began the quest for the Orb.
     0 | D:1      | Reached XP level 1. HP: 11/11 MP: 2/2
   137 | D:1      | Reached XP level 2. HP: 16/16 MP: 3/3
   740 | D:2      | Noticed Terence
   744 | D:2      | Reached XP level 3. HP: 19/19 MP: 4/4
   759 | D:2      | Killed Terence
   759 | D:2      | Reached skill level 5 in Unarmed Combat
   889 | D:2      | Reached XP level 4. HP: 19/23 MP: 2/5
  1172 | D:2      | Found a sparkling altar of Nemelex Xobeh.
  1459 | D:3      | HP: 1/23 [hobgoblin (3)]
  1460 | D:3      | Slain by a worker ant

Skill      XL: |  1  2  3 |
---------------+----------+-----
Unarmed Combat | 5 |  5.7
Fighting       | |  2.6
Dodging        | |  2.4
Stealth        | |  2.4

Action                   |  1- 3 |  4- 6 || total
-------------------------+-------+-------++-------
Melee: Unarmed           |    80 |    38 ||   118
       Bite              |    24 |     9 ||    33
       Punch             |     1 |       ||     1
 Stab: Sleeping          |     4 |       ||     4
       Distracted        |       |     1 ||     1
Armor: Robe              |     4 |     7 ||    11
Dodge: Dodged            |    45 |    27 ||    72
